 Dungeon Crawl Stone Soup version 0.21-a0-329-g12f17e1 (webtiles) character file.

109 Monsterracer the Insei (level 4, 35/35 HPs)
             Began as a Gnoll Transmuter on Sept 28, 2017.
             Quit the game on level 3 of the Dungeon on Oct 1, 2017.
             The game lasted 00:05:46 (2199 turns).

Monsterracer the Insei (Gnoll Transmuter)           Turns: 2199, Time: 00:05:48

Health: 35/35      AC:  2    Str: 14    XL:     4   Next: 90%
Magic:  11/11      EV: 15    Int: 15    God:
Gold:   91         SH:  0    Dex: 15    Spells: 3/13 levels left

rFire    . . .     SeeInvis .     - Unarmed
rCold    . . .     Gourm    .   (no shield)
rNeg     . . .     Faith    .   b - +0 robe
rPois    .         Spirit   .   (no helmet)
rElec    .         Reflect  .   (no cloak)
rCorr    .         Harm     .   (no gloves)
MR       .....                  (no boots)
Stlth    ++........             (no amulet)
HPRegen  0.11/turn              (no ring)
MPRegen  0.12/turn              (no ring)

@: no status effects
A: distributed training, fangs 1, strong nose
a: no special abilities


You were on level 3 of the Dungeon.
You were not hungry.

You visited 1 branch of the dungeon, and saw 3 of its levels.

You collected 91 gold pieces.

Inventory:

Missiles
 a - 31 arrows
Armour
 b - a +0 robe (worn)
Wands
 l - a wand of flame (8/48)
Scrolls
 f - 2 scrolls of identify {unknown}
 h - 4 scrolls of teleportation {unknown}
 i - a scroll of magic mapping {unknown}
 m - a scroll of remove curse {unknown}
Potions
 e - 3 potions of lignification {unknown}
 j - a potion of agility {unknown}
Books
 c - a book of Changes

   Spells                             Type                      Level
   a - Beastly Appendage              Transmutation                1
   b - Sticks to Snakes               Transmutation                2
   c - Spider Form                    Transmutation/Poison         3
   d - Ice Form                       Ice/Transmutation            4
   e - Blade Hands                    Transmutation                5
Comestibles
 d - 2 bread rations
 g - a meat ration
 k - a chunk of flesh


   Skills:
 + Level 3.0 Fighting
 + Level 1.1 Short Blades
 + Level 1.5 Long Blades
 + Level 1.1 Axes
 + Level 1.5 Maces & Flails
 + Level 1.1 Polearms
 + Level 1.5 Staves
 + Level 1.1 Slings
 + Level 1.1 Bows
 + Level 1.1 Crossbows
 + Level 1.1 Throwing
 + Level 1.5 Armour
 + Level 4.6 Dodging
 + Level 1.5 Stealth
   Level 0.0 Stabbing
 + Level 1.1 Shields
   Level 0.0 Traps
 + Level 6.6 Unarmed Combat
 + Level 5.2 Spellcasting
 + Level 1.1 Conjurations
 + Level 1.1 Hexes
 + Level 1.1 Charms
 + Level 1.1 Summonings
 + Level 1.1 Necromancy
 + Level 1.1 Translocations
 + Level 4.8 Transmutations
 + Level 1.1 Fire Magic
 + Level 1.1 Ice Magic
 + Level 1.1 Air Magic
 + Level 1.1 Earth Magic
 + Level 1.5 Poison Magic
 + Level 1.9 Invocations
 + Level 1.1 Evocations


You had 3 spell levels left.
You knew the following spells:

 Your Spells              Type           Power        Failure   Level  Hunger
a - Beastly Appendage     Tmut           ###...       2%          1    None
b - Sticks to Snakes      Tmut           ###.....     3%          2    ##.....
c - Spider Form           Tmut/Pois      ##........   13%         3    ###....
d - Ice Form              Ice/Tmut       ##......     43%         4    ####...


Dungeon Overview and Level Annotations

Branches:
Dungeon (3/15)

Altars:


Innate Abilities, Weirdness & Mutations

Your experience applies equally to all skills.
You have very sharp teeth.
Your uncanny sense of smell can sniff out nearby items.


Message History

Your Hexes skill increases to level 1!
Your Charms skill increases to level 1!
Your Summonings skill increases to level 1!
Your Necromancy skill increases to level 1!
Your Translocations skill increases to level 1!
Your Fire Magic skill increases to level 1!
Your Ice Magic skill increases to level 1!
Your Air Magic skill increases to level 1!
Your Earth Magic skill increases to level 1!
Your Evocations skill increases to level 1!
Unknown command.
You barely miss the goblin. The goblin hits you with a club.
Damage: -3%(-1hp) hp: 80%(28hp)
You barely miss the goblin. The goblin completely misses you.
You closely miss the goblin. The goblin completely misses you.
You hit the goblin.
The goblin is moderately wounded.
You bite the goblin!
You kill the goblin!
Your transformation has ended.
Your +0 robe unmelds from your body.
Magic restored.
HP restored.
l - a wand of flame (?/48) {zapped: 1}
Things that are here:
a club; an enchanted falchion; a scale mail
Found a stone staircase leading down.
m - a scroll labeled BAPUWUVO VUEKE An adder comes into view.
Are you sure you want to abandon this character and quit the game? (Confirm with "yes".)

∆ #### ...#
##.#
#########.####
#.#
#.....@......S
#.#
#.#########.##
#.# #.# #.#
#.#
#.########.#
#..........#
############


You could see an adder (sleeping).

Vanquished Creatures
  Terence (D:3)
  2 adders (D:2)
  3 gnolls (D:2)
  A dart slug (D:1)
  4 goblins
  3 hobgoblins
  4 jackals (D:1)
  5 kobolds
  A ball python (D:1)
  6 bats
  3 frilled lizards
  3 rats
36 creatures vanquished.

Notes
Turn   | Place    | Note
-------+----------+-------------------------------------------
     0 | D:1      | Monsterracer the Gnoll Transmuter began the quest for the Orb.
     0 | D:1      | Reached XP level 1. HP: 17/17 MP: 6/6
     5 | D:1      | Reached skill level 1 in Invocations
   387 | D:1      | Reached XP level 2. HP: 22/23 MP: 7/7
   435 | D:1      | Reached skill level 5 in Spellcasting
   460 | D:1      | Upgraded the game from 0.21-a0-297-ga3d34c2 to 0.21-a0-321-g91e3373
   460 | D:1      | Upgraded the game from 0.21-a0-321-g91e3373 to 0.21-a0-329-g12f17e1
   642 | D:1      | Reached skill level 1 in Long Blades
   642 | D:1      | Reached skill level 1 in Maces & Flails
   642 | D:1      | Reached skill level 1 in Staves
   642 | D:1      | Reached skill level 1 in Armour
   642 | D:1      | Reached skill level 1 in Stealth
   642 | D:1      | Reached skill level 1 in Poison Magic
   648 | D:1      | Learned a level 2 spell: Sticks to Snakes
  1182 | D:2      | Reached XP level 3. HP: 28/28 MP: 9/9
  1716 | D:2      | Reached XP level 4. HP: 34/34 MP: 9/11
  1721 | D:2      | Learned a level 3 spell: Spider Form
  1726 | D:2      | Learned a level 4 spell: Ice Form
  2062 | D:3      | Noticed Terence
  2073 | D:3      | Killed Terence
  2073 | D:3      | Reached skill level 1 in Short Blades
  2073 | D:3      | Reached skill level 1 in Axes
  2073 | D:3      | Reached skill level 1 in Polearms
  2073 | D:3      | Reached skill level 1 in Slings
  2073 | D:3      | Reached skill level 1 in Bows
  2073 | D:3      | Reached skill level 1 in Crossbows
  2073 | D:3      | Reached skill level 1 in Throwing
  2073 | D:3      | Reached skill level 1 in Shields
  2073 | D:3      | Reached skill level 1 in Conjurations
  2073 | D:3      | Reached skill level 1 in Hexes
  2073 | D:3      | Reached skill level 1 in Charms
  2073 | D:3      | Reached skill level 1 in Summonings
  2073 | D:3      | Reached skill level 1 in Necromancy
  2073 | D:3      | Reached skill level 1 in Translocations
  2073 | D:3      | Reached skill level 1 in Fire Magic
  2073 | D:3      | Reached skill level 1 in Ice Magic
  2073 | D:3      | Reached skill level 1 in Air Magic
  2073 | D:3      | Reached skill level 1 in Earth Magic
  2073 | D:3      | Reached skill level 1 in Evocations
  2199 | D:3      | Quit the game

Vault maps used:
D:1:      scummos_arrival_simple_fountains
D:3:      lemuel_coloured_pillars_altar, first_bread, uniq_terence, uniq_jessica

Skill      XL: |  1  2  3  4 |
---------------+-------------+-----
Invocations    | 1 |  1.9
Spellcasting   | 5 |  5.2
Long Blades    | 1 |  1.5
Maces & Flails | 1 |  1.5
Staves         | 1 |  1.5
Armour         | 1 |  1.5
Stealth        | 1 |  1.5
Poison Magic   | 1 |  1.5
Fighting       | 3 |  3.0
Short Blades   | 1 |  1.1
Axes           | 1 |  1.1
Polearms       | 1 |  1.1
Slings         | 1 |  1.1
Bows           | 1 |  1.1
Crossbows      | 1 |  1.1
Throwing       | 1 |  1.1
Shields        | 1 |  1.1
Conjurations   | 1 |  1.1
Hexes          | 1 |  1.1
Charms         | 1 |  1.1
Summonings     | 1 |  1.1
Necromancy     | 1 |  1.1
Translocations | 1 |  1.1
Fire Magic     | 1 |  1.1
Ice Magic      | 1 |  1.1
Air Magic      | 1 |  1.1
Earth Magic    | 1 |  1.1
Evocations     | 1 |  1.1
Dodging        | |  4.6
Unarmed Combat | |  6.6
Transmutations | |  4.8

Action                   |  1- 3 |  4- 6 || total
-------------------------+-------+-------++-------
Melee: Unarmed           |    80 |    21 ||   101
       Bite              |     4 |       ||     4
       Kick              |     2 |       ||     2
       Headbutt          |     1 |       ||     1
       Punch             |     2 |       ||     2
 Cast: Beastly Appendage |     4 |       ||     4
       Spider Form       |       |     2 ||     2
 Stab: Sleeping          |     2 |     2 ||     4
  Eat: Chunk             |     2 |     2 ||     4
Armor: Robe              |    10 |       ||    10
Dodge: Dodged            |    56 |    10 ||    66

Table legend:
 A = Spawn XP
 B = Non-spawn XP
 C = Spawn XP percentage of total XP
 D = Spawn monster count
 E = Non-spawn monster count
 F = Spawn count percentage of total count
 G = Total turns spent on level
                    A         B        C        D         E        F      G
               +---------+---------+-------+---------+---------+-------+---------
         Total |       0 |     157 |   0.0 |       0 |      36 |   0.0 |  2199
               +---------+---------+-------+---------+---------+-------+---------
           D:1 |       0 |      32 |   0.0 |       0 |      18 |   0.0 |  1167
           D:2 |       0 |      84 |   0.0 |       0 |      16 |   0.0 |   895
           D:3 |       0 |      41 |   0.0 |       0 |       2 |   0.0 |   137
               +---------+---------+-------+---------+---------+-------+---------

Vault maps used:
D:1:      scummos_arrival_simple_fountains
D:3:      lemuel_coloured_pillars_altar, first_bread, uniq_terence, uniq_jessica
